Map: New Repugnancy LE

Players

DatBoiNYK - Winner!

  • Race: Zerg Zerg
  • League: Master
  • Spawn Location: 7:00

IIIIIIIIIIII

  • Race: Protoss Protoss
  • League: Grandmaster
  • Spawn Location: 1:00

VOD

Have the link to the VOD?

Description

Time

  • Played on: July 19, 2019, 7:24 p.m.
  • Length: 19:01
Show
View Real Time Build Order
Export as new Build Order

DatBoiNYK Zerg - Winner!

Build Orders: Pool First 

Get SALT Encoding   

  12  0:09  Drone  
  12  0:14  Drone  
  14  0:27  Spawning Pool  
  13  0:29  Drone  
  14  0:37  Overlord  
  14  1:09  Hatchery  
  13  1:14  Zergling x6  
  16  1:25  Drone  
  17  1:36  Zergling x2  
  18  1:41  Queen  
  18  1:46  Overlord  
  20  1:57  Drone  
  21  2:11  Drone  
  22  2:17  Queen  
  22  2:22  Drone x2  
  26  2:24  Queen  
  28  2:31  Drone  
  28  2:35  Drone  
  30  2:40  Drone  
  30  2:42  Overlord  
  31  2:50  Overlord  
  31  2:51  Drone  
  31  2:52  Drone  
  33  3:03  Drone x2  
  35  3:06  Extractor x2  
  35  3:12  Drone x2  
  35  3:15  Overlord  
  35  3:16  Drone  
  36  3:26  Drone x2  
  38  3:37  Drone x7  
  45  3:57  Metabolic Boost  
  45  4:00  Drone x4  
  49  4:06  Baneling Nest  
  48  4:11  Queen  
  48  4:14  Hatchery  
  49  4:20  Queen  
  50  4:29  Overlord x2  
  49  4:40  Zergling x2  
  49  4:41  Zergling x4  
  49  4:43  Overlord x2  
  52  4:52  Zergling x2  
  52  4:53  Zergling x10  
  52  4:57  Overlord, Zergling x2  
  52  4:58  Zergling x2  
  59  5:05  Zergling x2  
  60  5:11  Overlord  
  60  5:18  Zergling x4  
  62  5:25  Overlord  
  62  5:27  Zergling x8  
  66  5:32  Queen x2  
  66  5:34  Lair  
  70  5:48  Zergling x14  
  77  5:51  Overlord  
  76  5:58  Zergling x2  
  76  5:59  Zergling x6  
  76  6:00  Overlord  
  80  6:05  Baneling  
  80  6:06  Baneling x14  
  80  6:07  Baneling x2  
  80  6:14  Zergling x2  
  80  6:15  Zergling x6  
  80  6:16  Zergling x2  
  80  6:17  Zergling x2  
  85  6:19  Baneling x2  
  85  6:20  Baneling  
  85  6:25  Baneling x6  
  85  6:26  Baneling  
  85  6:34  Overseer  
  85  6:38  Queen  
  85  6:39  Drone x3, Extractor  
  89  6:49  Zergling x12  
  87  7:02  Zergling x12  
  91  7:15  Nydus Network  
  85  7:27  Zergling x14  
  85  7:28  Centrifical Hooks  
  89  7:32  Queen  
  91  7:37  Zergling x2  
  91  7:38  Zergling x2  
  91  7:39  Baneling  
  91  7:40  Baneling x2  
  93  7:47  Baneling x2  
  93  7:48  Zergling x10  
  98  8:07  Nydus Canal  
  98  8:09  Zergling x2  
  98  8:10  Zergling x14  
  106  8:25  Zergling x4  
  106  8:26  Zergling x8  
  105  8:38  Zergling x12  
  105  8:40  Overseer  
  101  8:44  Zergling x4  
  101  8:48  Queen, Spire, Extractor  
  81  8:57  Zergling x6  
  80  9:09  Zergling x8  
  73  9:25  Zergling x16  
  77  9:35  Queen x3  
  77  9:37  Drone x2  
  78  9:58  Baneling x6  
  78  9:59  Baneling x4  
  78  10:03  Mutalisk x4  
  86  10:16  Baneling x11  
  86  10:25  Zergling x8  
  86  10:27  Zergling x2  
  91  10:36  Mutalisk x2  
  91  10:42  Nydus Canal  
  95  10:48  Zergling x12  
  101  11:05  Zergling x12  
  92  11:27  Drone  
  92  11:28  Drone x11  
  104  11:44  Zergling x4  
  104  11:45  Zergling x2  
  105  12:00  Zergling x10  
  101  12:10  Zergling x6  
  101  12:11  Overlord, Zergling x2  
  101  12:12  Zergling x2  
  89  12:23  Hydralisk Den  
  89  12:27  Zergling x12  
  91  12:33  Queen x3  
  97  12:38  Zergling x6  
  97  12:39  Baneling  
  97  12:40  Baneling x13  
  97  12:42  Hatchery  
  99  12:46  Evolution Chamber  
  99  12:50  Baneling  
  99  12:51  Baneling x10  
  98  13:01  Muscular Augments  
  98  13:03  Hydralisk x3  
  104  13:17  Hydralisk x5  
  114  13:20  Overlord  
  114  13:23  Overlord  
  114  13:31  Zerg Melee Weapons Level 1  
  114  13:35  Extractor  
  114  13:41  Hydralisk x5  
  113  13:46  Overseer  
  123  13:48  Overlord  
  123  14:02  Overlord  
  123  14:03  Hydralisk x4  
  131  14:11  Zergling x2  
  131  14:12  Zergling x10  
  131  14:15  Baneling x5  
  131  14:16  Baneling x2  
  137  14:27  Zergling x14  
  137  14:29  Zergling x2  
  137  14:30  Zergling x2  
  146  14:41  Baneling x9  
  109  14:54  Zergling x22  
  109  14:59  Grooved Spines  
  118  15:05  Extractor  
  118  15:06  Hydralisk x2  
  118  15:07  Zergling x2  
  116  15:26  Zergling x14  
  116  15:27  Zergling x2  
  118  15:32  Zergling x10  
  118  15:39  Hydralisk x2  
  118  15:41  Zergling x2  
  104  15:52  Zergling x2  
  104  15:53  Zergling x6  
  106  15:57  Hydralisk  
  108  16:10  Hydralisk x3  
  114  16:11  Hydralisk  
  113  16:21  Baneling  
  113  16:22  Baneling x2  
  113  16:23  Baneling x8  
  113  16:24  Baneling  
  113  16:25  Baneling  
  113  16:26  Baneling  
  113  16:27  Baneling  
  113  16:28  Baneling  
  113  16:29  Baneling  
  113  16:30  Baneling  
  113  16:31  Baneling  
  111  16:42  Overseer  
  111  16:44  Zergling x18  
  120  16:49  Baneling  
  120  16:50  Baneling x3  
  111  17:05  Zergling x16  
  111  17:06  Zergling x2  
  103  17:12  Zergling x6  
  103  17:23  Zergling x4  
  103  17:24  Zergling x10  
  103  17:25  Zergling x2  
  111  17:40  Baneling x14  
  111  17:41  Baneling x5  
  108  17:49  Hydralisk x2  
  112  17:51  Hydralisk  
  98  18:12  Zergling x2  
  98  18:13  Zergling x22  
  109  18:23  Hydralisk x4  
Show
View Real Time Build Order
Export as new Build Order

IIIIIIIIIIII Protoss 

Build Orders:  

Get SALT Encoding   

  12  0:01  Probe  
  13  0:13  Probe  
  14  0:24  Pylon  
  14  0:25  Probe  
  15  0:42  Probe  
  16  0:44  Gateway  
  16  0:54  Probe  
  17  1:05  Forge  
  17  1:06  Probe  
  18  1:25  Probe, Assimilator  
  19  1:32  Cybernetics Core  
  19  1:37  Probe  
  20  1:40  Photon Cannon  
  20  1:45  Assimilator  
  20  1:49  Probe  
  21  2:01  Probe  
  21  2:04  Pylon  
  22  2:13  Probe  
  23  2:20  Nexus  
  23  2:23  Warp Gate  
  23  2:36  Stalker  
  25  2:46  Robotics Facility  
  25  2:53  Probe  
  25  2:58  Pylon  
  25  3:05  Probe  
  26  3:06  Stalker  
  28  3:17  Probe  
  29  3:20  Protoss Ground Weapons Level 1  
  29  3:26  Warp Prism  
  29  3:29  Probe  
  32  3:41  Twilight Council  
  32  3:45  Probe  
  32  3:46  Probe  
  33  3:54  Probe x2  
  34  4:01  Observer  
  34  4:02  Probe  
  38  4:30  Gateway  
  38  4:31  Gateway  
  38  4:34  Gateway  
  38  4:35  Gateway  
  38  4:36  Gateway  
  38  4:43  Probe x2  
  38  4:45  Gateway  
  40  4:47  Pylon  
  40  4:55  Gateway  
  40  5:02  Zealot  
  42  5:32  Zealot x4  
  42  5:33  Zealot x2, Charge  
  52  6:00  Zealot  
  52  6:01  Zealot x4  
  52  6:03  Pylon  
  62  6:06  Pylon x2  
  62  6:34  Probe x2, Assimilator  
  62  6:38  Assimilator  
  64  6:46  Probe  
  65  6:50  Pylon  
  53  7:05  Probe  
  48  7:09  Observer  
  48  7:11  Zealot  
  48  7:12  Zealot x5  
  48  7:14  Pylon  
  60  7:26  Probe  
  59  7:36  Probe  
  60  7:39  Probe, Templar Archives  
  61  7:48  Probe, Protoss Ground Weapons Level 2  
  63  7:51  Probe  
  63  7:52  Zealot x8  
  79  8:12  Cybernetics Core  
  79  8:15  Pylon  
  79  8:17  Zealot x3  
  75  8:28  Probe  
  75  8:30  Zealot x5  
  70  8:49  Pylon  
  70  8:55  High Templar x3  
  55  8:56  High Templar  
  55  8:57  High Templar  
  51  9:02  Archon  
  51  9:03  Archon  
  51  9:07  Photon Cannon  
  48  9:12  High Templar  
  49  9:17  Archon  
  49  9:24  Gateway  
  49  9:25  Nexus  
  49  9:26  Pylon  
  49  9:28  Gateway  
  49  9:31  High Templar  
  49  9:32  Zealot x2, High Templar  
  55  9:40  Archon  
  55  9:42  Shield Battery  
  55  9:45  Probe x2  
  57  9:47  Warp Prism  
  59  9:57  Probe x2  
  61  10:09  Probe  
  62  10:15  Probe  
  62  10:16  Photon Cannon  
  62  10:18  Photon Cannon  
  62  10:21  Probe, Shield Battery, Cybernetics Core  
  63  10:27  Probe  
  65  10:29  Pylon  
  65  10:33  Probe  
  66  10:45  High Templar x3  
  66  10:47  Probe x3  
  75  10:51  Archon  
  75  10:59  Zealot  
  75  11:21  Probe x2  
  75  11:23  Assimilator  
  75  11:27  Assimilator  
  75  11:31  Protoss Ground Weapons Level 3  
  74  11:33  Gateway  
  74  11:35  Gateway  
  74  11:36  Gateway  
  74  11:39  Probe  
  71  11:54  Zealot x4  
  67  12:00  Templar Archives  
  65  12:17  Stalker x2  
  65  12:18  Stalker x2  
  70  12:33  Pylon  
  70  12:37  Probe x2  
  72  12:38  Probe  
  72  12:42  Pylon  
  73  12:53  Gateway  
  72  13:00  Probe x2, Gateway  
  72  13:03  High Templar x3  
  72  13:04  High Templar  
  82  13:15  Archon  
  82  13:16  Warp Prism, Archon  
  86  13:22  Stalker x3  
  90  13:33  Gateway  
  90  13:34  Photon Cannon  
  90  13:44  High Templar x3  
  90  13:45  High Templar  
  98  13:48  Archon x2  
  96  14:13  Observer  
  96  14:14  Zealot x3  
  96  14:15  Zealot x2  
  102  14:18  Probe  
  102  14:19  Probe x2  
  105  14:26  High Templar x4  
  105  14:28  Zealot  
  105  14:30  Archon x2  
  115  14:37  Warp Prism  
  72  14:57  Psionic Storm  
  60  15:02  Zealot x4  
  60  15:03  Zealot x4  
  76  15:17  High Templar x2  
  72  15:25  Archon  
  62  15:33  Zealot  
  62  15:34  Zealot x3  
  64  15:39  Zealot x3  
  64  15:40  Zealot  
  54  15:54  Zealot x4  
  53  16:06  High Templar x4  
  61  16:18  High Templar x2  
  61  16:24  Zealot x2  
  69  16:31  Observer  
  70  16:47  Zealot x4  
  62  17:04  Archon  
  54  17:13  High Templar x2  
  54  17:14  Zealot x5  
  54  17:15  Zealot  
  53  17:44  High Templar  
  37  18:13  Zealot x7  
  49  18:24  Zealot  
  39  18:35  Nexus, Zealot x2  
  39  18:36  Zealot  
  33  18:49  High Templar x3  
  33  18:53  Archon  
  39  18:56  Archon  
Tags
 
Add a new tag
Caveats
  • Supply blocks, unpowered buildings, or Contaminate may cause inaccurate times.
  • Supply counts are checked every 10 seconds.